 Dungeon Crawl Stone Soup version 0.29-a0-321-gf1c400731a (webtiles) character file.

Game seed: 11948199488716120662

8 sammy202020 the Skirmisher (level 2, 0/24 HPs)
             Began as a Demonspawn Berserker on Apr 5, 2022.
             Was a Follower of Trog.
             Slain by a quokka (1 damage)
             ... on level 1 of the Dungeon.
             The game lasted 00:01:13 (576 turns).

sammy202020 the Skirmisher (Demonspawn Berserker)    Turns: 576, Time: 00:01:13

Health: 0/24       AC:  2    Str: 17    XL:     2   Next: 0%
Magic:  2/2        EV: 12    Int:  8    God:    Trog [*.....]
Gold:   31         SH:  0    Dex: 12    Spells: 1/1 levels left

rFire   . . .      SeeInvis .   a - +0 hand axe
rCold   . . .      Faith    .   (no shield)
rNeg    . . .      Spirit   .   b - +0 animal skin
rPois   .          Reflect  .   (no helmet)
rElec   .          Harm     .   (no cloak)
rCorr   .          Rampage  .   (no gloves)
Will    .....                   (no boots)
Stlth   +.........              (no amulet)
HPRegen 0.08/turn               (no ring)
MPRegen 0.08/turn               (no ring)

@: no status effects
A: claws 1
a: Renounce Religion, Berserk


You were on level 1 of the Dungeon.
You worshipped Trog.
Trog was aware of your devotion.
You visited 1 branch of the dungeon, and saw 1 of its levels.

You collected 31 gold pieces.

Inventory:

Hand Weapons
 a - a +0 hand axe (weapon)
Armour
 b - a +0 animal skin (worn)
Scrolls
 c - 2 scrolls of identify {unknown}
 d - a scroll of amnesia {unknown}


   Skills:
 * Level 3.2 Fighting
 * Level 2.9 Axes
 + Level 1.9 Armour
 - Level 1.7 Dodging


You had one spell level left.
You didn't know any spells.
Your spell library was empty.

Dungeon Overview and Level Annotations

Branches:
Dungeon (1/15)

Altars:


Innate Abilities, Weirdness & Mutations

You have sharp fingernails.


Message History

You are too injured to fight recklessly!
You are too injured to fight recklessly!
You are too injured to fight recklessly!
You are too injured to fight recklessly!
You are too injured to fight recklessly!
You are too injured to fight recklessly!
You are too injured to fight recklessly!
You are too injured to fight recklessly!
You are too injured to fight recklessly!
Unknown command.
You fail to use your ability.
The quokka barely misses you. The ball python bites you.
The ball python constricts you. The quokka barely misses you.
You hit the ball python but do no damage.
You closely miss the quokka. The ball python bites you.
The ball python constricts you. The quokka bites you.
* * * LOW HITPOINT WARNING * * *
You closely miss the ball python. You hit the quokka but do no damage.
The ball python bites you but does no damage.
The ball python constricts you. The quokka closely misses you.
The ball python barely misses you. The ball python constricts you.
The quokka barely misses you.
You hit the ball python.
You kill the ball python!
Trog accepts your kill.
You hit the quokka. The quokka barely misses you.
You have reached level 2!
Your demonic ancestry asserts itself...
Your fingernails lengthen.
You closely miss the quokka.
The quokka is heavily wounded.
The quokka misses you.
You completely miss the quokka. Your claw misses the quokka.
The quokka is heavily wounded.
The quokka closely misses you. The quokka bites you.
* * * LOW HITPOINT WARNING * * *
You completely miss the quokka.
The quokka is heavily wounded.
The quokka bites you.
You die...

...#.........#
#..#.#######.##.....#
#..........#.##.....###.
...#.#####.#.##.........
####.......#.##.........
############.##.........
........####.##.........
........#....##.r.......
...###..#.#..##.@.......
##.#....#.#..##.........
........................
##.#......#..##.####....
..........#..##.# ...
##.#####..#..##.# ..
.....# #.....##.. .
.....# #.#.##.. .....#
#........


You could see a quokka.

Vanquished Creatures
  2 ball pythons (D:1)
  An endoplasm (D:1)
  A goblin (D:1)
  A quokka (D:1)
  A frilled lizard (D:1)
  A rat (D:1)
7 creatures vanquished.

Notes
Turn   | Place    | Note
-------+----------+-------------------------------------------
     0 | D:1      | sammy202020 the Demonspawn Berserker began the quest for
                  | the Orb.
     0 | D:1      | Reached XP level 1. HP: 18/18 MP: 1/1
   574 | D:1      | Gained mutation: You have sharp fingernails. [demonic
                  | ancestry]
   574 | D:1      | Reached XP level 2. HP: 6/24 MP: 2/2
   575 | D:1      | HP: 1/24 [quokka (5)]
   576 | D:1      | Slain by a quokka

Illustrated notes

Levels and vault maps discovered:
D:1:      minmay_arrival_four_circles, layout_basic, basic_ecumenical_altar

Action                   || total
-------------------------++-------
Melee: Hand axe          ||    37
Armor: Animal skin       ||     7
Dodge: Dodged            ||    28

Table legend: (Time is in decaauts)
 A = Elapsed time spent in this place.
 B = Non-inter-level travel time spent in this place.
 C = Inter-level travel time spent in this place.
 D = Time resting spent in this place.
 E = Time spent auto-exploring this place.
 F = Levels seen in this place.
 G = Mean time per level.
                   A        B        C        D        E       F      G
               +--------+--------+--------+--------+--------+-----+--------+
         Total |    582 |    582 |      0 |    252 |    263 |   1 |  582.0 |
       Dungeon |    582 |    582 |      0 |    252 |    263 |   1 |  582.0 |
               +--------+--------+--------+--------+--------+-----+--------+

Top non-repeatable levels by time:
     D:1: 582 daAuts
